Panthers vs Lightning

Created - January-19-15 at 17:57

Goals
1 2 3 T
Panthers 2 2 1 5
Lightning 3 1 0 4
Shots
1 2 3 T
Panthers 3 9 6 18
Lightning 15 10 9 34

1st period

1. Lightning , Travis Zajac 15 (Troy Brouwer) at 0:16
2. Panthers , Patric Hornqvist 9 (Danny DeKeyser) at 2:11
3. Lightning , Andrej Sekera 15 (Travis Zajac) at 4:49 (PP)
4. Panthers , Marian Hossa 24 (Henrik Zetterberg) at 7:21
5. Lightning , Travis Zajac 16 (Andre Benoit, Erik Gudbranson) at 12:32

Penalties :
David Backes (FLA) for Roughing (Minor) at 3:25, David Backes (FLA) for High sticking (Minor) at 14:07, Andrej Meszaros (TBL) for Tripping (Minor) at 17:50

2nd period

6. Lightning , Luca Sbisa 2 (Eric Fehr, Andre Benoit) at 9:01
7. Panthers , Danny DeKeyser 8 (Patric Hornqvist, Matt Duchene) at 13:49
8. Panthers , Henrik Zetterberg 19 (Rick Nash) at 19:22

Penalties :
David Backes (FLA) for Boarding (Minor) at 10:20, Andrej Meszaros (TBL) for Tripping (Minor) at 15:56

3rd period

9. Panthers , Henrik Zetterberg 20 (Matt Carle, Marian Hossa) at 4:44

Penalties :
David Backes (FLA) for Interference (Minor) at 8:11, Danny DeKeyser (FLA) for Slashing (Minor) at 18:49

Goalie Stats

Ben Bishop (FLA), 30 saves from 34 shots - (0.882), W, 20-16-5, 60:00 minutes
Alex Stalock (TBL), 13 saves from 18 shots - (0.722), L, 7-7-1, 59:03 minutes

Players Stats for Panthers

Player Name              G  A  P  +/- PIM S  H  SB GA TA FO     MP     PP MP  PK MP  
------------------------------------------------------------------------------------
Clarke MacArthur         0  0  0  -1  0   0  0  0  0  0  0/2    12:22   0:00   1:20 
Danny DeKeyser           1  1  2   1  2   2  2  3  0  0  0/0    24:14   1:57   3:52 
David Backes             0  0  0  -1  8   0  4  0  0  0  8/18   16:15   1:36   0:55 
Hampus Lindholm          0  0  0  -1  0   0  0  2  0  0  0/0    11:26   2:01   0:00 
Henrik Zetterberg        2  1  3   1  0   4  0  0  0  0  9/25   22:39   2:22   4:46 
Justin Williams          0  0  0  -1  0   1  0  0  0  0  1/1    11:02   0:00   0:00 
Lauri Korpikoski         0  0  0   0  0   2  0  0  0  0  1/4     8:47   0:00   6:01 
Marian Hossa             1  1  2   1  0   2  1  0  0  0  0/0    18:17   1:36   1:10 
Matt Carle               0  1  1   1  0   0  3  2  0  0  0/0    19:30   0:00   3:59 
Matt Duchene             0  1  1   2  0   2  0  0  0  0  18/35  20:34   2:22   0:00 
Matt Niskanen            0  0  0   0  0   0  3  1  0  0  0/0    15:35   2:01   0:00 
Nathan MacKinnon         0  0  0   2  0   1  2  0  0  0  0/0    20:34   2:22   0:00 
Niklas Hjalmarsson       0  0  0   1  0   0  1  5  0  0  0/0    22:58   0:00   4:32 
Patric Hornqvist         1  1  2   2  0   3  1  0  0  0  3/9    22:38   1:36   2:50 
Rick Nash                0  1  1   1  0   0  0  0  0  0  0/0    15:31   0:00   0:00 
Rob Klinkhammer          0  0  0   0  0   1  0  0  0  0  0/0     2:46   0:00   0:00 
Sami Salo                0  0  0   1  0   0  1  1  0  0  0/0     4:49   0:00   0:40 
T.J. Brodie              0  0  0   1  0   0  3  3  0  0  0/0    21:27   1:57   3:59 

Players Stats for Lightning

Player Name              G  A  P  +/- PIM S  H  SB GA TA FO     MP     PP MP  PK MP  
------------------------------------------------------------------------------------
Andre Benoit             0  2  2   1  0   2  0  0  0  0  0/0    19:43   0:00   1:41 
Andrej Meszaros          0  0  0  -2  4   3  2  1  0  0  0/0    13:27   3:19   0:00 
Andrej Sekera            1  0  1  -1  0   2  0  2  0  0  0/0    26:48   5:12   2:17 
Brent Seabrook           0  0  0  -1  0   0  3  4  0  0  0/0    26:48   5:12   2:17 
Cam Atkinson             0  0  0  -1  0   2  0  0  0  0  0/0    12:19   0:00   0:43 
Curtis Glencross         0  0  0  -2  0   6  7  1  0  0  0/1    23:25   4:41   0:00 
Eric Fehr                0  1  1   1  0   1  0  0  0  0  0/0     2:58   0:00   0:00 
Erik Gudbranson          0  1  1   0  0   0  2  0  0  0  0/0    16:30   3:19   0:00 
Henrik Sedin             0  0  0  -2  0   1  1  0  0  0  18/35  23:25   4:41   0:00 
Jason Chimera            0  0  0   1  0   0  0  0  0  0  0/0     2:58   0:00   0:00 
Luca Sbisa               1  0  1   1  0   1  1  0  0  0  0/0     4:51   0:00   0:00 
Maxime Talbot            0  0  0  -1  0   0  1  0  0  0  9/15   13:44   0:00   2:08 
Nick Spaling             0  0  0   1  0   3  0  0  0  0  3/7    22:11   3:50   1:10 
Patrick Kane             0  0  0  -2  0   4  2  0  0  0  1/2    23:25   4:41   0:00 
Scott Hannan             0  0  0  -2  0   0  1  0  0  0  0/0    11:51   0:00   1:41 
Teddy Purcell            0  0  0  -1  0   1  0  0  0  0  0/1    11:36   0:00   0:00 
Travis Zajac             2  1  3   0  0   8  0  0  0  0  22/30  20:48   3:50   2:45 
Troy Brouwer             0  1  1   0  0   0  3  0  0  0  1/3    19:13   3:50   1:10 

3 Stars

1 - Henrik Zetterberg (FLA)
2 - Travis Zajac (TBL)
3 - Patric Hornqvist (FLA)

Power Play

Panthers - 0 on 2 Attempt(s) - 0.00%
Lightning - 1 on 5 Attempt(s) - 20.00%

Penalty Kill

Panthers - 4 on 5 Attempt(s) - 80.00% - Score 0 goal in Penalty Kill
Lightning - 2 on 2 Attempt(s) - 100.00% - Score 0 goal in Penalty Kill

Team Stat

Panthers - Hits : 21 - Faceoff Wins : 40 - Blocked Shots : 17 - Penalty Minutes : 10
Lightning - Hits : 23 - Faceoff Wins : 54 - Blocked Shots : 8 - Penalty Minutes : 4

Official

Referees : Dave Jackson and Stephen Walkom
Linesman : Jonny Murray and Bryan Pancich

Game Notes

No Game Note

Finance

Level 1 -- Attendance: 5023 (77.28%) -- Ticket Income $552,530
Level 2 -- Attendance: 3295 (65.90%) -- Ticket Income $313,025
Level 3 -- Attendance: 2192 (62.63%) -- Ticket Income $164,400
Level 4 -- Attendance: 1955 (52.02%) -- Ticket Income $87,975
Luxury Box -- Attendance: 427 (42.70%) -- Ticket Income $153,720
Game was played at the Tampa Bay Times Forum'
Total Attendance: 12892 (65.25%)
Total Ticket Income: $1,271,650
Other Income: $190,748
Total Income: $1,462,398

% Time on Ice - Panthers

Lines # - Real PCT - Wanted PCT - Time Play
Normal Forward
1 - 38% - 40% - 18:12
2 - 33% - 35% - 15:31
3 - 23% - 20% - 11:02
4 - 6% - 5% - 2:46
Normal Defense
1 - 39% - 40% - 18:26
2 - 33% - 30% - 15:31
3 - 20% - 20% - 9:25
4 - 9% - 10% - 4:09
PP Forward
1 - 60% - 60% - 2:22
2 - 40% - 40% - 1:36
PP Defense
1 - 51% - 60% - 2:01
2 - 49% - 40% - 1:57
PK Forward
1 - 86% - 60% - 7:21
2 - 14% - 40% - 1:10
PK Defense
1 - 53% - 60% - 4:32
2 - 47% - 40% - 3:59
PK3 Forward
1 - 0% - 65%
2 - 0% - 35%
PK3 Defense
1 - 0% - 60%
2 - 0% - 40%
44 Forward
1 - 0% - 60%
2 - 0% - 40%
44 Defense
1 - 0% - 60%
2 - 0% - 40%
Last Minute Offensive  - 0:00
Last Minute Defensive  - 0:00
Total
Forward - 60:00
Defense - 60:00

% Time on Ice - Lightning

Lines # - Real PCT - Wanted PCT - Time Play
Normal Forward
1 - 39% - 40% - 18:44
2 - 30% - 30% - 14:13
3 - 24% - 20% - 11:36
4 - 6% - 10% - 2:58
Normal Defense
1 - 41% - 40% - 19:19
2 - 28% - 30% - 13:11
3 - 21% - 20% - 10:10
4 - 10% - 10% - 4:51
PP Forward
1 - 55% - 60% - 4:41
2 - 45% - 40% - 3:50
PP Defense
1 - 61% - 60% - 5:12
2 - 39% - 40% - 3:19
PK Forward
1 - 71% - 60% - 2:48
2 - 29% - 40% - 1:10
PK Defense
1 - 58% - 60% - 2:17
2 - 42% - 40% - 1:41
PK3 Forward
1 - 0% - 60%
2 - 0% - 40%
PK3 Defense
1 - 0% - 60%
2 - 0% - 40%
44 Forward
1 - 0% - 60%
2 - 0% - 40%
44 Defense
1 - 0% - 60%
2 - 0% - 40%
Last Minute Offensive  - 0:00
Last Minute Defensive  - 0:00
Total
Forward - 60:00
Defense - 60:00

Play by Play

1st period


0:01 of 1st period - Henrik Sedin wins face-off versus Matt Duchene in neutral zone.
0:08 of 1st period - Shot by Patrick Kane.
0:08 of 1st period - Shot Blocked by Danny DeKeyser.
0:10 of 1st period - Shot by Curtis Glencross.
0:10 of 1st period - Shot Blocked by Niklas Hjalmarsson.
0:12 of 1st period - Shot by Curtis Glencross.
0:12 of 1st period - Stopped by Ben Bishop without a rebound.
0:13 of 1st period - Travis Zajac wins face-off versus Henrik Zetterberg in Panthers zone.
0:16 of 1st period - Shot by Troy Brouwer.
0:16 of 1st period - Deflect By Travis Zajac.
0:16 of 1st period - Goal by Travis Zajac - Panthers : 0 - Lightning : 1.
0:17 of 1st period - Maxime Talbot wins face-off versus Clarke MacArthur in neutral zone.
0:34 of 1st period - Shot by Maxime Talbot.
0:34 of 1st period - Deflect By Teddy Purcell.
0:34 of 1st period - Stopped by Ben Bishop without a rebound.
0:35 of 1st period - Travis Zajac wins face-off versus Henrik Zetterberg in Panthers zone.
0:44 of 1st period - Travis Zajac is hit by Matt Carle and loses puck.
1:09 of 1st period - Shot by Troy Brouwer.
1:09 of 1st period - Shot Misses the Net.
1:35 of 1st period - Matt Carle is hit by Curtis Glencross and loses puck.
1:50 of 1st period - Shot by Patrick Kane.
1:50 of 1st period - Stopped by Ben Bishop with a rebound.
2:01 of 1st period - Off-side.
2:02 of 1st period - Patric Hornqvist wins face-off versus Maxime Talbot in neutral zone.
2:11 of 1st period - Shot by Patric Hornqvist.
2:11 of 1st period - Goal by Patric Hornqvist - Panthers : 1 - Lightning : 1.
2:12 of 1st period - Matt Duchene wins face-off versus Maxime Talbot in neutral zone.
2:33 of 1st period - Matt Duchene is hit by Andrej Meszaros and loses puck.
3:01 of 1st period - Icing by Matt Duchene.
3:02 of 1st period - Henrik Sedin wins face-off versus Matt Duchene in Panthers zone.
3:12 of 1st period - Icing by Matt Duchene.
3:13 of 1st period - Matt Duchene wins face-off versus Nick Spaling in Panthers zone.
3:25 of 1st period - Minor Penalty to David Backes for Roughing.
3:26 of 1st period - Henrik Sedin wins face-off versus Henrik Zetterberg in Panthers zone.
3:50 of 1st period - Patrick Kane is hit by T.J. Brodie.
3:57 of 1st period - Henrik Sedin is hit by Matt Carle.
4:13 of 1st period - Shot by Andrej Sekera.
4:13 of 1st period - Shot Misses the Net.
4:47 of 1st period - Shot by Travis Zajac.
4:47 of 1st period - Stopped by Ben Bishop without a rebound.
4:48 of 1st period - Travis Zajac wins face-off versus Patric Hornqvist in Panthers zone.
4:49 of 1st period - Shot by Andrej Sekera.
4:49 of 1st period - Goal by Andrej Sekera - Panthers : 1 - Lightning : 2.
4:50 of 1st period - David Backes wins face-off versus Maxime Talbot in neutral zone.
5:05 of 1st period - Shot by David Backes.
5:05 of 1st period - Deflect By Clarke MacArthur.
5:05 of 1st period - Shot Misses the Net.
5:45 of 1st period - Shot by Curtis Glencross.
5:45 of 1st period - Stopped by Ben Bishop without a rebound.
5:46 of 1st period - Matt Duchene wins face-off versus Henrik Sedin in Panthers zone.
5:46 of 1st period - Matt Duchene is hit by Curtis Glencross.
5:55 of 1st period - Icing by Niklas Hjalmarsson.
5:56 of 1st period - Matt Duchene wins face-off versus Henrik Sedin in Panthers zone.
6:52 of 1st period - Icing by Niklas Hjalmarsson.
6:53 of 1st period - Troy Brouwer wins face-off versus Matt Duchene in Panthers zone.
7:00 of 1st period - Shot by Travis Zajac.
7:00 of 1st period - Stopped by Ben Bishop without a rebound.
7:01 of 1st period - Travis Zajac wins face-off versus Henrik Zetterberg in Panthers zone.
7:10 of 1st period - Marian Hossa is hit by Troy Brouwer and loses puck.
7:21 of 1st period - Shot by Marian Hossa.
7:21 of 1st period - Goal by Marian Hossa - Panthers : 2 - Lightning : 2.
7:22 of 1st period - David Backes wins face-off versus Maxime Talbot in neutral zone.
7:22 of 1st period - Matt Carle is hit by Maxime Talbot and loses puck.
7:38 of 1st period - Shot by David Backes.
7:38 of 1st period - Shot Misses the Net.
7:40 of 1st period - Shot by Lauri Korpikoski.
7:40 of 1st period - Stopped by Alex Stalock with a rebound.
7:57 of 1st period - Off-side.
7:58 of 1st period - Henrik Sedin wins face-off versus Henrik Zetterberg in neutral zone.
8:15 of 1st period - Shot by Curtis Glencross.
8:15 of 1st period - Shot Misses the Net.
8:33 of 1st period - Shot by Patrick Kane.
8:33 of 1st period - Stopped by Ben Bishop without a rebound.
8:34 of 1st period - Matt Duchene wins face-off versus Travis Zajac in Panthers zone.
10:08 of 1st period - Curtis Glencross is hit by T.J. Brodie and loses puck.
11:25 of 1st period - Icing by Andre Benoit.
11:26 of 1st period - Nick Spaling wins face-off versus Matt Duchene in Lightning zone.
11:38 of 1st period - Icing by Danny DeKeyser.
11:39 of 1st period - Matt Duchene wins face-off versus Henrik Sedin in Panthers zone.
11:57 of 1st period - Icing by Andrej Sekera.
11:58 of 1st period - Lauri Korpikoski wins face-off versus Henrik Sedin in Lightning zone.
12:06 of 1st period - Off-side.
12:07 of 1st period - Henrik Zetterberg wins face-off versus Troy Brouwer in neutral zone.
12:10 of 1st period - Shot by Henrik Zetterberg.
12:10 of 1st period - Shot Misses the Net.
12:32 of 1st period - Shot by Travis Zajac.
12:32 of 1st period - Goal by Travis Zajac - Panthers : 2 - Lightning : 3.
12:33 of 1st period - Matt Duchene wins face-off versus Henrik Sedin in neutral zone.
13:27 of 1st period - Off-side.
13:28 of 1st period - Travis Zajac wins face-off versus Henrik Zetterberg in neutral zone.
13:37 of 1st period - Andre Benoit is hit by Marian Hossa and loses puck.
14:00 of 1st period - Shot by Travis Zajac.
14:00 of 1st period - Stopped by Ben Bishop with a rebound.
14:05 of 1st period - Off-side.
14:06 of 1st period - Maxime Talbot wins face-off versus David Backes in neutral zone.
14:06 of 1st period - Scott Hannan is hit by David Backes and loses puck.
14:07 of 1st period - Minor Penalty to David Backes for High sticking.
14:08 of 1st period - Patric Hornqvist wins face-off versus Henrik Sedin in Panthers zone.
14:31 of 1st period - Shot by Patrick Kane.
14:31 of 1st period - Stopped by Ben Bishop without a rebound.
14:32 of 1st period - Patric Hornqvist wins face-off versus Travis Zajac in Panthers zone.
14:48 of 1st period - Shot by Troy Brouwer.
14:48 of 1st period - Shot Blocked by T.J. Brodie.
14:50 of 1st period - Shot by Nick Spaling.
14:50 of 1st period - Shot Misses the Net.
14:52 of 1st period - Shot by Andrej Meszaros.
14:52 of 1st period - Stopped by Ben Bishop without a rebound.
14:53 of 1st period - Henrik Zetterberg wins face-off versus Henrik Sedin in Panthers zone.
14:53 of 1st period - Henrik Zetterberg is hit by Patrick Kane.
15:22 of 1st period - Icing by Andrej Sekera.
15:23 of 1st period - Henrik Sedin wins face-off versus Patric Hornqvist in Lightning zone.
15:31 of 1st period - Icing by Brent Seabrook.
15:32 of 1st period - Henrik Sedin wins face-off versus Henrik Zetterberg in Lightning zone.
15:38 of 1st period - Off-side.
15:39 of 1st period - Travis Zajac wins face-off versus Patric Hornqvist in neutral zone.
16:06 of 1st period - Shot by Andrej Meszaros.
16:06 of 1st period - Stopped by Ben Bishop without a rebound.
16:07 of 1st period - Henrik Sedin wins face-off versus Henrik Zetterberg in Panthers zone.
16:45 of 1st period - Icing by Andrej Sekera.
16:46 of 1st period - Matt Duchene wins face-off versus Henrik Sedin in Lightning zone.
16:49 of 1st period - Shot by Patric Hornqvist.
16:49 of 1st period - Shot Blocked by Brent Seabrook.
17:15 of 1st period - Icing by Danny DeKeyser.
17:16 of 1st period - Matt Duchene wins face-off versus Travis Zajac in Panthers zone.
17:37 of 1st period - Shot by Nick Spaling.
17:37 of 1st period - Stopped by Ben Bishop without a rebound.
17:38 of 1st period - Maxime Talbot wins face-off versus David Backes in Panthers zone.
17:44 of 1st period - Matt Carle is hit by Scott Hannan and loses puck.
17:50 of 1st period - Minor Penalty to Andrej Meszaros for Tripping.
17:51 of 1st period - Travis Zajac wins face-off versus David Backes in Lightning zone.
18:04 of 1st period - Brent Seabrook is hit by David Backes and loses puck.
18:17 of 1st period - Shot by Marian Hossa.
18:17 of 1st period - Shot Blocked by Brent Seabrook.
18:19 of 1st period - Shot by Marian Hossa.
18:19 of 1st period - Deflect By David Backes.
18:19 of 1st period - Shot Blocked by Andrej Sekera.
19:28 of 1st period - Icing by Henrik Zetterberg.
19:29 of 1st period - Nick Spaling wins face-off versus Matt Duchene in Panthers zone.
19:29 of 1st period - Nick Spaling is hit by Danny DeKeyser.
Goals for this period are 2 for Panthers vs 3 for Lightning.
Shots for this period are 3 for Panthers vs 15 for Lightning.

2nd period


0:01 of 2nd period - Travis Zajac wins face-off versus Matt Duchene in neutral zone.
1:13 of 2nd period - Matt Carle is hit by Patrick Kane and loses puck.
1:32 of 2nd period - Shot by Rick Nash.
1:32 of 2nd period - Deflect By Henrik Zetterberg.
1:32 of 2nd period - Stopped by Alex Stalock without a rebound.
1:33 of 2nd period - Justin Williams wins face-off versus Maxime Talbot in Lightning zone.
1:39 of 2nd period - Cam Atkinson is hit by Matt Niskanen and loses puck.
2:50 of 2nd period - Shot by Curtis Glencross.
2:50 of 2nd period - Stopped by Ben Bishop without a rebound.
2:51 of 2nd period - Travis Zajac wins face-off versus Matt Duchene in Panthers zone.
3:07 of 2nd period - Icing by Niklas Hjalmarsson.
3:08 of 2nd period - Matt Duchene wins face-off versus Henrik Sedin in Panthers zone.
3:08 of 2nd period - Matt Duchene is hit by Curtis Glencross.
3:11 of 2nd period - Icing by Nathan MacKinnon.
3:12 of 2nd period - Henrik Sedin wins face-off versus Matt Duchene in Panthers zone.
3:21 of 2nd period - Shot by Andrej Sekera.
3:21 of 2nd period - Shot Misses the Net.
3:23 of 2nd period - Shot by Andrej Sekera.
3:23 of 2nd period - Stopped by Ben Bishop without a rebound.
3:24 of 2nd period - Henrik Zetterberg wins face-off versus Travis Zajac in Panthers zone.
3:24 of 2nd period - Matt Carle is hit by Troy Brouwer and loses puck.
5:14 of 2nd period - Icing by Troy Brouwer.
5:15 of 2nd period - Travis Zajac wins face-off versus David Backes in Lightning zone.
5:15 of 2nd period - Travis Zajac is hit by David Backes.
5:22 of 2nd period - Andre Benoit is hit by Matt Niskanen and loses puck.
5:32 of 2nd period - Justin Williams is hit by Brent Seabrook and loses puck.
5:51 of 2nd period - Shot by Curtis Glencross.
5:51 of 2nd period - Stopped by Ben Bishop without a rebound.
5:52 of 2nd period - Henrik Zetterberg wins face-off versus Maxime Talbot in Panthers zone.
6:34 of 2nd period - Shot by Scott Hannan.
6:34 of 2nd period - Shot Blocked by Matt Carle.
6:36 of 2nd period - Shot by Scott Hannan.
6:36 of 2nd period - Shot Misses the Net.
7:04 of 2nd period - Icing by Brent Seabrook.
7:05 of 2nd period - Henrik Sedin wins face-off versus Matt Duchene in Lightning zone.
7:07 of 2nd period - Icing by Patrick Kane.
7:08 of 2nd period - Henrik Sedin wins face-off versus Matt Duchene in Lightning zone.
7:08 of 2nd period - Henrik Sedin is hit by Nathan MacKinnon.
7:45 of 2nd period - Niklas Hjalmarsson is hit by Curtis Glencross and loses puck.
8:27 of 2nd period - Shot by Cam Atkinson.
8:27 of 2nd period - Shot Blocked by Danny DeKeyser.
8:29 of 2nd period - Shot by Cam Atkinson.
8:29 of 2nd period - Stopped by Ben Bishop without a rebound.
8:30 of 2nd period - David Backes wins face-off versus Nick Spaling in Panthers zone.
8:47 of 2nd period - Shot by Nick Spaling.
8:47 of 2nd period - Stopped by Ben Bishop with a rebound.
8:49 of 2nd period - Shot by Nick Spaling.
8:49 of 2nd period - Shot Misses the Net.
8:55 of 2nd period - Shot by Eric Fehr.
8:55 of 2nd period - Shot Blocked by Hampus Lindholm.
8:57 of 2nd period - Shot by Eric Fehr.
8:57 of 2nd period - Stopped by Ben Bishop with a rebound.
8:59 of 2nd period - Shot by Eric Fehr.
8:59 of 2nd period - Shot Blocked by Hampus Lindholm.
9:01 of 2nd period - Shot by Luca Sbisa.
9:01 of 2nd period - Goal by Luca Sbisa - Panthers : 2 - Lightning : 4.
9:02 of 2nd period - Maxime Talbot wins face-off versus Henrik Zetterberg in neutral zone.
9:30 of 2nd period - Shot by Maxime Talbot.
9:30 of 2nd period - Shot Misses the Net.
9:32 of 2nd period - Shot by Teddy Purcell.
9:32 of 2nd period - Shot Misses the Net.
10:00 of 2nd period - Henrik Zetterberg is hit by Brent Seabrook and loses puck.
10:20 of 2nd period - Minor Penalty to David Backes for Boarding.
10:21 of 2nd period - Travis Zajac wins face-off versus Patric Hornqvist in Panthers zone.
10:34 of 2nd period - Shot by Travis Zajac.
10:34 of 2nd period - Shot Blocked by Niklas Hjalmarsson.
10:36 of 2nd period - Shot by Brent Seabrook.
10:36 of 2nd period - Shot Misses the Net.
10:38 of 2nd period - Shot by Troy Brouwer.
10:38 of 2nd period - Shot Blocked by Niklas Hjalmarsson.
10:40 of 2nd period - Shot by Travis Zajac.
10:40 of 2nd period - Stopped by Ben Bishop with a rebound.
10:49 of 2nd period - Icing by Brent Seabrook.
10:50 of 2nd period - Travis Zajac wins face-off versus Patric Hornqvist in Lightning zone.
10:59 of 2nd period - Shot by Brent Seabrook.
10:59 of 2nd period - Shot Misses the Net.
12:00 of 2nd period - Shot by Curtis Glencross.
12:00 of 2nd period - Stopped by Ben Bishop with a rebound.
12:02 of 2nd period - Shot by Andrej Meszaros.
12:02 of 2nd period - Stopped by Ben Bishop without a rebound.
12:03 of 2nd period - Travis Zajac wins face-off versus Henrik Zetterberg in Panthers zone.
13:12 of 2nd period - David Backes is hit by Henrik Sedin and loses puck.
13:39 of 2nd period - Shot by Patric Hornqvist.
13:39 of 2nd period - Shot Misses the Net.
13:43 of 2nd period - Shot by Patric Hornqvist.
13:43 of 2nd period - Shot Blocked by Andrej Meszaros.
13:45 of 2nd period - Shot by Matt Duchene.
13:45 of 2nd period - Deflect By Patric Hornqvist.
13:45 of 2nd period - Stopped by Alex Stalock with a rebound.
13:47 of 2nd period - Shot by Patric Hornqvist.
13:47 of 2nd period - Shot Blocked by Curtis Glencross.
13:49 of 2nd period - Shot by Danny DeKeyser.
13:49 of 2nd period - Goal by Danny DeKeyser - Panthers : 3 - Lightning : 4.
13:50 of 2nd period - Travis Zajac wins face-off versus Henrik Zetterberg in neutral zone.
14:55 of 2nd period - Shot by Matt Duchene.
14:55 of 2nd period - Shot Misses the Net.
14:59 of 2nd period - Shot by Matt Duchene.
14:59 of 2nd period - Shot Blocked by Andrej Sekera.
15:01 of 2nd period - Shot by Danny DeKeyser.
15:01 of 2nd period - Stopped by Alex Stalock without a rebound.
15:02 of 2nd period - David Backes wins face-off versus Henrik Sedin in Lightning zone.
15:23 of 2nd period - Shot by Lauri Korpikoski.
15:23 of 2nd period - Stopped by Alex Stalock without a rebound.
15:24 of 2nd period - Maxime Talbot wins face-off versus Matt Duchene in Lightning zone.
15:41 of 2nd period - Icing by Teddy Purcell.
15:42 of 2nd period - David Backes wins face-off versus Teddy Purcell in Lightning zone.
15:56 of 2nd period - Minor Penalty to Andrej Meszaros for Tripping.
15:57 of 2nd period - Travis Zajac wins face-off versus Matt Duchene in Lightning zone.
16:10 of 2nd period - Icing by Henrik Zetterberg.
16:11 of 2nd period - Travis Zajac wins face-off versus Matt Duchene in Panthers zone.
17:39 of 2nd period - Nick Spaling is hit by David Backes and loses puck.
17:44 of 2nd period - Shot by Patric Hornqvist.
17:44 of 2nd period - Shot Misses the Net.
17:46 of 2nd period - Shot by Marian Hossa.
17:46 of 2nd period - Shot Misses the Net.
17:48 of 2nd period - Shot by T.J. Brodie.
17:48 of 2nd period - Shot Misses the Net.
17:50 of 2nd period - Shot by Patric Hornqvist.
17:50 of 2nd period - Shot Blocked by Brent Seabrook.
17:52 of 2nd period - Shot by Marian Hossa.
17:52 of 2nd period - Stopped by Alex Stalock without a rebound.
17:53 of 2nd period - Matt Duchene wins face-off versus Travis Zajac in Lightning zone.
17:58 of 2nd period - Shot by Matt Duchene.
17:58 of 2nd period - Stopped by Alex Stalock without a rebound.
17:59 of 2nd period - David Backes wins face-off versus Curtis Glencross in Lightning zone.
18:51 of 2nd period - Off-side.
18:52 of 2nd period - Travis Zajac wins face-off versus Henrik Zetterberg in neutral zone.
19:22 of 2nd period - Shot by Rick Nash.
19:22 of 2nd period - Deflect By Henrik Zetterberg.
19:22 of 2nd period - Goal by Henrik Zetterberg - Panthers : 4 - Lightning : 4.
19:23 of 2nd period - Maxime Talbot wins face-off versus Patric Hornqvist in neutral zone.
19:42 of 2nd period - Shot by Patric Hornqvist.
19:42 of 2nd period - Shot Misses the Net.
19:44 of 2nd period - Shot by Nathan MacKinnon.
19:44 of 2nd period - Stopped by Alex Stalock without a rebound.
19:45 of 2nd period - Henrik Zetterberg wins face-off versus Patrick Kane in Lightning zone.
19:45 of 2nd period - Rick Nash is hit by Brent Seabrook and loses puck.
Goals for this period are 2 for Panthers vs 1 for Lightning.
Shots for this period are 9 for Panthers vs 10 for Lightning.

3rd period


0:01 of 3rd period - Matt Duchene wins face-off versus Henrik Sedin in neutral zone.
0:06 of 3rd period - Shot by Danny DeKeyser.
0:06 of 3rd period - Shot Blocked by Brent Seabrook.
0:19 of 3rd period - Shot by Matt Duchene.
0:19 of 3rd period - Stopped by Alex Stalock without a rebound.
0:20 of 3rd period - Henrik Zetterberg wins face-off versus Troy Brouwer in Lightning zone.
0:47 of 3rd period - Shot by Travis Zajac.
0:47 of 3rd period - Stopped by Ben Bishop without a rebound.
0:48 of 3rd period - Matt Duchene wins face-off versus Henrik Sedin in Panthers zone.
1:31 of 3rd period - Shot by Patric Hornqvist.
1:31 of 3rd period - Stopped by Alex Stalock without a rebound.
1:32 of 3rd period - Henrik Zetterberg wins face-off versus Travis Zajac in Lightning zone.
2:55 of 3rd period - Shot by David Backes.
2:55 of 3rd period - Shot Misses the Net.
2:57 of 3rd period - Shot by Justin Williams.
2:57 of 3rd period - Stopped by Alex Stalock without a rebound.
2:58 of 3rd period - Henrik Sedin wins face-off versus Matt Duchene in Lightning zone.
2:58 of 3rd period - Henrik Sedin is hit by Nathan MacKinnon.
3:20 of 3rd period - Icing by Niklas Hjalmarsson.
3:21 of 3rd period - Maxime Talbot wins face-off versus Matt Duchene in Panthers zone.
4:14 of 3rd period - Icing by Danny DeKeyser.
4:15 of 3rd period - Matt Duchene wins face-off versus Henrik Sedin in Panthers zone.
4:44 of 3rd period - Shot by Henrik Zetterberg.
4:44 of 3rd period - Goal by Henrik Zetterberg - Panthers : 5 - Lightning : 4.
4:45 of 3rd period - David Backes wins face-off versus Nick Spaling in neutral zone.
4:53 of 3rd period - Justin Williams is hit by Andrej Meszaros and loses puck.
5:57 of 3rd period - Matt Niskanen is hit by Curtis Glencross and loses puck.
6:36 of 3rd period - Andrej Sekera is hit by T.J. Brodie and loses puck.
6:48 of 3rd period - Andre Benoit is hit by Matt Carle and loses puck.
6:56 of 3rd period - Matt Carle is hit by Erik Gudbranson.
7:05 of 3rd period - Erik Gudbranson is hit by Patric Hornqvist and loses puck.
7:55 of 3rd period - Troy Brouwer is hit by Niklas Hjalmarsson and loses puck.
8:11 of 3rd period - Minor Penalty to David Backes for Interference.
8:12 of 3rd period - Henrik Sedin wins face-off versus Lauri Korpikoski in Panthers zone.
8:13 of 3rd period - Shot by Andrej Sekera.
8:13 of 3rd period - Shot Misses the Net.
8:21 of 3rd period - Shot by Curtis Glencross.
8:21 of 3rd period - Stopped by Ben Bishop without a rebound.
8:22 of 3rd period - Henrik Zetterberg wins face-off versus Henrik Sedin in Panthers zone.
8:30 of 3rd period - Icing by Andrej Sekera.
8:31 of 3rd period - Henrik Sedin wins face-off versus Henrik Zetterberg in Lightning zone.
10:32 of 3rd period - Shot by Cam Atkinson.
10:32 of 3rd period - Stopped by Ben Bishop without a rebound.
10:33 of 3rd period - Nick Spaling wins face-off versus Lauri Korpikoski in Panthers zone.
10:52 of 3rd period - Shot by Rob Klinkhammer.
10:52 of 3rd period - Stopped by Alex Stalock without a rebound.
10:53 of 3rd period - Henrik Sedin wins face-off versus Matt Duchene in Lightning zone.
10:55 of 3rd period - Icing by Patrick Kane.
10:56 of 3rd period - Matt Duchene wins face-off versus Henrik Sedin in Lightning zone.
11:14 of 3rd period - Shot by Patrick Kane.
11:14 of 3rd period - Shot Misses the Net.
11:16 of 3rd period - Shot by Luca Sbisa.
11:16 of 3rd period - Shot Misses the Net.
11:22 of 3rd period - Shot by Henrik Sedin.
11:22 of 3rd period - Shot Blocked by T.J. Brodie.
11:26 of 3rd period - Shot by Andre Benoit.
11:26 of 3rd period - Stopped by Ben Bishop without a rebound.
11:27 of 3rd period - Travis Zajac wins face-off versus Clarke MacArthur in Panthers zone.
11:33 of 3rd period - Icing by Hampus Lindholm.
11:34 of 3rd period - Travis Zajac wins face-off versus David Backes in Panthers zone.
11:53 of 3rd period - Shot by Troy Brouwer.
11:53 of 3rd period - Shot Misses the Net.
11:55 of 3rd period - Shot by Andrej Sekera.
11:55 of 3rd period - Shot Misses the Net.
11:57 of 3rd period - Shot by Troy Brouwer.
11:57 of 3rd period - Shot Blocked by Matt Niskanen.
11:59 of 3rd period - Shot by Travis Zajac.
11:59 of 3rd period - Shot Misses the Net.
12:16 of 3rd period - Icing by Matt Niskanen.
12:17 of 3rd period - Henrik Sedin wins face-off versus David Backes in Panthers zone.
12:17 of 3rd period - Curtis Glencross is hit by Matt Niskanen and loses puck.
12:33 of 3rd period - Off-side.
12:34 of 3rd period - Maxime Talbot wins face-off versus Matt Duchene in neutral zone.
12:44 of 3rd period - Icing by Niklas Hjalmarsson.
12:45 of 3rd period - Matt Duchene wins face-off versus Henrik Sedin in Panthers zone.
13:25 of 3rd period - Shot by Patrick Kane.
13:25 of 3rd period - Shot Misses the Net.
14:12 of 3rd period - Icing by Erik Gudbranson.
14:13 of 3rd period - Travis Zajac wins face-off versus David Backes in Lightning zone.
14:45 of 3rd period - Icing by Matt Niskanen.
14:46 of 3rd period - Henrik Sedin wins face-off versus David Backes in Panthers zone.
14:46 of 3rd period - Andrej Sekera is hit by Sami Salo and loses puck.
15:51 of 3rd period - Shot by Henrik Zetterberg.
15:51 of 3rd period - Stopped by Alex Stalock without a rebound.
15:52 of 3rd period - Matt Duchene wins face-off versus Travis Zajac in Lightning zone.
15:59 of 3rd period - Shot by Andre Benoit.
15:59 of 3rd period - Shot Blocked by Niklas Hjalmarsson.
16:24 of 3rd period - Patric Hornqvist is hit by Luca Sbisa and loses puck.
16:30 of 3rd period - Icing by Troy Brouwer.
16:31 of 3rd period - Travis Zajac wins face-off versus David Backes in Lightning zone.
16:38 of 3rd period - Shot by Nick Spaling.
16:38 of 3rd period - Stopped by Ben Bishop with a rebound.
17:08 of 3rd period - Shot by Henrik Sedin.
17:08 of 3rd period - Stopped by Ben Bishop without a rebound.
17:09 of 3rd period - Maxime Talbot wins face-off versus Henrik Zetterberg in Panthers zone.
17:18 of 3rd period - Icing by Danny DeKeyser.
17:19 of 3rd period - Henrik Zetterberg wins face-off versus Henrik Sedin in Panthers zone.
17:19 of 3rd period - Niklas Hjalmarsson is hit by Curtis Glencross and loses puck.
17:25 of 3rd period - Icing by Danny DeKeyser.
17:26 of 3rd period - Henrik Sedin wins face-off versus Henrik Zetterberg in Panthers zone.
18:00 of 3rd period - Off-side.
18:01 of 3rd period - Matt Duchene wins face-off versus Nick Spaling in neutral zone.
18:07 of 3rd period - Matt Carle is hit by Erik Gudbranson and loses puck.
18:24 of 3rd period - Shot by Eric Fehr.
18:24 of 3rd period - Shot Misses the Net.
18:26 of 3rd period - Shot by Erik Gudbranson.
18:26 of 3rd period - Shot Misses the Net.
18:28 of 3rd period - Shot by Erik Gudbranson.
18:28 of 3rd period - Shot Blocked by Matt Carle.
18:30 of 3rd period - Shot by Andre Benoit.
18:30 of 3rd period - Stopped by Ben Bishop without a rebound.
18:31 of 3rd period - Henrik Sedin wins face-off versus Henrik Zetterberg in Panthers zone.
18:31 of 3rd period - Brent Seabrook is hit by Danny DeKeyser and loses puck.
18:44 of 3rd period - Shot by Henrik Sedin.
18:44 of 3rd period - Shot Blocked by Danny DeKeyser.
18:49 of 3rd period - Minor Penalty to Danny DeKeyser for Slashing.
18:50 of 3rd period - David Backes wins face-off versus Travis Zajac in Panthers zone.
18:52 of 3rd period - T.J. Brodie is hit by Troy Brouwer and loses puck.
19:03 of 3rd period - Lightning, Alex Stalock is pulled from the net.
19:05 of 3rd period - Shot by Travis Zajac.
19:05 of 3rd period - Shot Misses the Net.
19:07 of 3rd period - Shot by Travis Zajac.
19:07 of 3rd period - Stopped by Ben Bishop without a rebound.
19:08 of 3rd period - Patrick Kane wins face-off versus David Backes in Panthers zone.
19:11 of 3rd period - Shot by Andrej Sekera.
19:11 of 3rd period - Shot Blocked by Niklas Hjalmarsson.
19:21 of 3rd period - Shot by Curtis Glencross.
19:21 of 3rd period - Deflect By Patrick Kane.
19:21 of 3rd period - Shot Blocked by Sami Salo.
19:43 of 3rd period - Matt Carle is hit by Curtis Glencross and loses puck.
19:52 of 3rd period - Shot by Patrick Kane.
19:52 of 3rd period - Stopped by Ben Bishop without a rebound.
19:53 of 3rd period - Travis Zajac wins face-off versus Lauri Korpikoski in Panthers zone.
19:56 of 3rd period - Shot by Erik Gudbranson.
19:56 of 3rd period - Shot Blocked by T.J. Brodie.
Goals for this period are 1 for Panthers vs 0 for Lightning.
Shots for this period are 6 for Panthers vs 9 for Lightning.


Output by the SimonT Hockey Simulator (STHS) for Stephane Roy -- Original Page W3C XHTML 1.0 Valid
Hockey Simulator - Hockey Simulation - Hockey Manager